 Dungeon Crawl Stone Soup version 0.19-a0-958-gd69d43c (webtiles) character file.

1031 Implojin the Grappler (level 8, -6/74 HPs)
             Began as a Troll Fighter on July 11, 2016.
             Was a Believer of Okawaru.
             Mangled by Implojin's ghost (9 damage)
             ... on level 6 of the Dungeon.
             The game lasted 00:05:00 (717 turns).

Implojin the Grappler (Troll Fighter)                Turns: 717, Time: 00:05:01

Health: -6/74      AC:  5    Str: 30    XL:     8   Next: 3%
Magic:  4/8        EV: 12    Int:  4    God:    Okawaru [**....]
Gold:   56         SH: 11    Dex: 11    Spells: 0 memorised, 7 levels left

rFire  . . .     SeeInvis .       - Unarmed
rCold  . . .     Gourm    +     a - +0 robe
rNeg   . . .     Faith    +     b - +0 shield
rPois  .         Spirit   .     (helmet restricted)
rElec  .         Dismiss  .     (no cloak)
rCorr  +         Reflect  .     (gloves unavailable)
SustAt .         Harm     .     (boots unavailable)
MR     .....                    l - amulet of faith
Stlth  ++........               (no ring)
                                n - ring of resist corrosion

@: mighty, heroism, not resistant to hostile enchantments, unstealthy
A: unfitting armour, claws 3, fast metabolism 3, gourmand, regeneration 2,
shaggy fur 1, tough skin 2
a: Heroism, Renounce Religion


You were on level 6 of the Dungeon.
You worshipped Okawaru.
Okawaru was pleased with you.
You were very full.

You visited 2 branches of the dungeon, and saw 7 of its levels.

You collected 56 gold pieces.

Inventory:

Armour
 a - a +0 robe (worn)
 b - a +0 shield (worn)
Jewellery
 l - an amulet of faith (around neck)
 n - a ring of resist corrosion (left claw)
Scrolls
 e - a scroll of identify {unknown}
 m - 2 scrolls of remove curse {unknown}
 q - a scroll of noise {unknown}
Potions
 f - a potion of degeneration {unknown}
 g - a potion of mutation {unknown}
 h - a potion of curing {unknown}
 i - a potion of agility {unknown}
 o - a potion of flight {unknown}
Comestibles
 d - 2 bread rations
 j - 2 fruits
 k - a slice of pizza
 p - a chunk of flesh


   Skills:
 - Level 2.4(7.4) Fighting
 - Level 2.4(7.4) Dodging
 - Level 2.4(7.4) Shields
 * Level 9.2(14.2) Unarmed Combat
 - Level 2.0 Invocations


You had 7 spell levels left.
You didn't know any spells.

Dungeon Overview and Level Annotations

Branches:
Dungeon (6/15)             Temple (1/1) D:5

Altars:
Elyvilon
Okawaru
Pakellas
Qazlal
Trog
Uskayaw
Zin
The Shining One

Shops:
D:5 *

Annotations:
D:6 Implojin's ghost, novice TrFi


Innate Abilities, Weirdness & Mutations

You are too large for most types of armour.
You have claws for hands.
Your metabolism is lightning-fast.
You like to eat raw meat.
You heal very quickly.
You are covered in fur. (AC +1)
You have very tough skin. (AC +2)


Message History

Implojin's ghost is moderately damaged.
The giant cockroach closely misses you.
Unknown command.
Unknown command.
You scratch Implojin's ghost.
Implojin's ghost is moderately damaged.
Implojin's ghost hits you!
* * * LOW HITPOINT WARNING * * *
You block the giant cockroach's attack.
Unknown command.
You claw Implojin's ghost!
Implojin's ghost is heavily damaged.
Implojin's ghost hits you!!
* * * LOW HITPOINT WARNING * * *
Unknown command.
You feel very mighty all of a sudden. The giant cockroach bites you.
* * * LOW HITPOINT WARNING * * *
Implojin's ghost barely misses you.
The giant cockroach bites you but does no damage.
Unknown command.
Unknown command.
You claw Implojin's ghost!
Implojin's ghost is heavily damaged.
Implojin's ghost hits you!
* * * LOW HITPOINT WARNING * * *
Unknown command.
You closely miss Implojin's ghost.
Implojin's ghost is heavily damaged.
The giant cockroach misses you.
You claw Implojin's ghost!
Implojin's ghost is almost destroyed.
The giant cockroach barely misses you.
Implojin's ghost says, "You must not succeed where I failed!"
You block Implojin's ghost's attack.
You scratch Implojin's ghost.
Implojin's ghost is almost destroyed.
The giant cockroach bites you but does no damage.
Implojin's ghost hits you!
You die...

... #........
#.#####..........
.#................
..................
#.............>.
.##........g......
......†...........
..##....W##.......
#.....†@sh......
###+#......###......
#..........# .....
#..........### ....
+.......##....# ...
##............h# ..
.####...............h
.
......................
..................#...


You could see Implojin's ghost, a jackal and a giant cockroach.

Vanquished Creatures
  The ghost of LogicNinja the Slasher, an amateur VSMo (D:4)
  A sky beast (D:6)
  An ice beast (D:5)
  An ogre (D:4)
  2 phantoms
  3 howler monkeys (D:6)
  A crimson imp (D:6)
  A jelly (D:5)
  2 hounds (D:5)
  A gnoll shaman (D:6)
  A giant frog skeleton (D:5)
  An iguana (Temple)
  A worker ant (D:6)
  2 worker ant zombies
  2 gnolls (D:6)
  A howler monkey skeleton (D:6)
  An adder (D:5)
  A worm (D:4)
  A giant gecko (D:6)
  2 bats
  2 giant cockroaches
  3 goblins
  9 jackals
  2 quokkas
  A ball python (Temple)
  A giant newt (D:4)
  2 kobolds (D:1)
  A rat (D:2)
48 creatures vanquished.

Notes
Turn   | Place    | Note
-------+----------+-------------------------------------------
     0 | D:1      | Implojin the Troll Fighter began the quest for the Orb.
     0 | D:1      | Reached XP level 1. HP: 22/22 MP: 0/0
    80 | D:2      | Reached XP level 2. HP: 29/29 MP: 1/1
   195 | D:4      | Noticed an ogre
   200 | D:4      | Killed an ogre
   200 | D:4      | Reached skill level 4 in Unarmed Combat
   200 | D:4      | Reached XP level 3. HP: 36/36 MP: 2/2
   200 | D:4      | Reached XP level 4. HP: 44/44 MP: 3/3
   218 | D:4      | Noticed LogicNinja's ghost (amateur VSMo)
   232 | D:4      | Killed LogicNinja's ghost
   232 | D:4      | Reached skill level 6 in Unarmed Combat
   232 | D:4      | Reached XP level 5. HP: 22/50 MP: 4/4
   263 | D:5      | Entered Level 5 of the Dungeon
   264 | D:5      | Found a staircase to the Ecumenical Temple.
   276 | Temple   | Entered the Ecumenical Temple
   317 | Temple   | Became a worshipper of Warmaster Okawaru
   325 | Temple   | Reached XP level 6. HP: 48/59 MP: 5/5
   383 | D:5      | Found Zin's Purification Station.
   384 | D:5      | Found a glowing silver altar of Zin.
   385 | D:5      | Noticed an ice beast
   394 | D:5      | Killed an ice beast
   425 | D:5      | Reached skill level 7 in Unarmed Combat
   430 | D:5      | Reached * piety under Okawaru
   472 | D:5      | Reached XP level 7. HP: 54/66 MP: 6/6
   475 | D:5      | Reached skill level 1 in Invocations
   477 | D:5      | Found a white marble altar of Elyvilon.
   609 | D:5      | Reached skill level 2 in Invocations
   661 | D:6      | Reached skill level 8 in Unarmed Combat
   670 | D:6      | Reached ** piety under Okawaru
   675 | D:6      | Noticed Implojin's ghost (novice TrFi)
   689 | D:6      | Reached skill level 9 in Unarmed Combat
   705 | D:6      | Reached XP level 8. HP: 59/74 MP: 5/8
   714 | D:6      | HP: 2/74 [Implojin's ghost (15)]
   717 | D:6      | Mangled by Implojin's ghost

Vault maps used:
D:1:      dpeg_arrival_radiant
D:2:      nemelex_altar_shiori, fedhas_altar_3
D:4:      nicolae_overflow_hidden_temple, first_bread, minmay_misc_feat_alley
D:5:      zin_purify, lemuel_zombie_altar_yredelemnul, overflow_temple_1_default
D:6:      serial_shops, kennysheep_little_box
Temple:   dpeg_chambers_temple

Skill      XL: |  1  2  3  4  5  6  7 |
---------------+----------------------+-----
Unarmed Combat | 4 6 7 9 |  9.2
Invocations    | 2 |  2.0
Fighting       | |  2.4
Dodging        | |  2.4
Shields        | |  2.4

Action                   |  1- 3 |  4- 6 |  7- 9 || total
-------------------------+-------+-------+-------++-------
Melee: Unarmed           |    17 |    49 |    80 ||   146
Invok: Heroism           |       |       |     4 ||     4
  Use: Potion            |       |       |     1 ||     1
 Stab: Sleeping          |       |     1 |       ||     1
  Eat: Chunk             |     3 |     5 |     2 ||    10
Armor: Robe              |    18 |    12 |    25 ||    55
Dodge: Dodged            |    17 |    13 |    36 ||    66
Block: Shield            |    19 |    26 |    63 ||   108

Table legend:
 A = Turns spent in this place as a percentage of turns spent in the entire game.
 B = Non-inter-level travel turns spent in this place as a percentage of non-inter-level travel turns spent in the entire game.
 C = Inter-level travel turns spent in this place as a percentage of turns spent in this place.
 D = Turns resting spent in this place as a percentage of non-inter-level travel turns spent in this place.
 E = Turns spent auto-exploring this place as a percentage of non-inter-level travel turns spent in this place.
 F = Non-inter-level travel turns spent in this place divided by the number of levels of this place that you've seen.
                   A       B       C       D       E      F
               +-------+-------+-------+-------+-------+----------------------
         Total | 100.0 | 100.0 |   0.0 |   0.0 |   0.0 | 102.6
       Dungeon |  88.3 |  88.3 |   0.0 |   0.0 |   0.0 | 105.7
        Temple |  11.7 |  11.7 |   0.0 |   0.0 |   0.0 |  84.0
               +-------+-------+-------+-------+-------+----------------------

Table legend:
 A = Kills in this place as a percentage of kills in entire the game.
 B = Kills by you in this place as a percentage of kills by you in the entire game.
 C = Kills by friends in this place as a percentage of kills by friends in the entire game.
 D = Other kills in this place as a percentage of other kills in the entire game.
 E = Experience gained in this place as a percentage of experience gained in the entire game.
 F = Experience gained in this place divided by the number of levels of this place that you have seen.
                   A       B       C       D       E      F
               +-------+-------+-------+-------+-------+----------------------
         Total | 100.0 | 100.0 |  -nan |  -nan | 100.0 | 210.6
       Dungeon |  95.8 |  95.8 |  -nan |  -nan |  97.5 | 239.5
        Temple |   4.2 |   4.2 |  -nan |  -nan |   2.5 |  37.0
               +-------+-------+-------+-------+-------+----------------------
